[Event "Titled Tuesday Blitz November 15 Early 2022"]
[White "Tang, Andrew"]
[Black "Suder, Jakub"]
[WhiteFideId "2059630"]
[BlackFideId "1195310"]
[WhiteElo "2581"]
[BlackElo "2243"]
[Result "1-0"]
[Round "02"]
[TimeControl "180+1"]
[Date "2022.11.16"]
[WhiteClock "0:00:02"]
[BlackClock "0:00:07"]

1. d4 d5 2. Bf4 Nf6 3. e3 c5 4. Nc3 a6 5. dxc5 Nc6 6. a3 e5 7. Bg5 Be6 8. b4 Be7 9. Nf3 O-O 10. Be2 Qc8 11. O-O Ne4 12. Nxe4 dxe4 13. Bxe7 exf3 14. Bxf8 fxe2 15. Qxe2 Qxf8 16. Rfd1 Rd8 17. Rxd8 Qxd8 18. Rd1 Qe7 19. Rd6 e4 20. Qd1 g6 21. Qa1 f6 22. h3 Kf7 23. Qc3 h5 24. a4 Ne5 25. Qd4 Bxh3 26. Qxe4 Bf5 27. Qd5+ Be6 28. Qd4 g5 29. b5 axb5 30. axb5 h4 31. Qe4 h3 32. gxh3 g4 33. Qh7+ Ke8 34. Qh8+ Kf7 35. Rd8 Kg6 36. hxg4 Bxg4 37. Rg8+ Kf5 38. c6 bxc6 39. bxc6 Qa7 40. Kh2 Nf3+ 41. Kg2 Ng5 42. Qg7 Bf3+ 43. Kg3 Qa1 44. Qd7+ Ke4 45. Re8+ 1-0


[Site "https://www.chess.com"]

[Event "Titled Tuesday Blitz November 15 Early 2022"]
[White "Tarasova, Viktoriya"]
[Black "Nielsen, Viktor Haarmark"]
[WhiteFideId "4175840"]
[BlackFideId "1444492"]
[WhiteElo "2182"]
[BlackElo "2345"]
[Result "1/2-1/2"]
[Round "02"]
[TimeControl "180+1"]
[Date "2022.11.16"]
[WhiteClock "0:00:17"]
[BlackClock "0:00:26"]

1. d4 Nf6 2. c4 e6 3. Nc3 d5 4. cxd5 exd5 5. Bg5 c6 6. Qc2 Be7 7. e3 Nbd7 8. Bd3 Nh5 9. Bxe7 Qxe7 10. Nge2 Nb6 11. h3 Nf6 12. O-O-O Be6 13. g4 O-O-O 14. Ng3 Kb8 15. Rde1 h5 16. g5 Nfd7 17. h4 Nc8 18. f4 Ndb6 19. Qf2 Nd6 20. f5 Bc8 21. e4 dxe4 22. Ncxe4 Nxe4 23. Rxe4 Qd6 24. Rhe1 Nd5 25. a3 Bd7 26. Kb1 a6 27. Bc4 Rdf8 28. Bxd5 cxd5 29. Re7 Bb5 30. Qe3 Re8 31. Rxe8+ Rxe8 32. Qf2 Bd3+ 33. Ka1 Rc8 34. Qe3 Be4 35. Nxe4 dxe4 36. Qxe4 Ka7 37. Qe5 Qf8 38. d5 Rd8 39. Rd1 f6 40. Qd4+ Kb8 41. gxf6 Qxf6 42. Qxf6 gxf6 43. Ka2 Kc7 44. Kb3 Kd6 45. Kc4 Rg8 46. Re1 Rg4+ 47. Kd3 Kxd5 48. Re6 Rg3+ 49. Kd2 Rg2+ 50. Kc3 Rg3+ 51. Kc2 Rg2+ 52. Kb3 Rg3+ 53. Ka2 Rg4 54. Rxf6 Rxh4 55. Rf7 Kc6 56. f6 Rf4 57. Rh7 Rxf6 58. Rxh5 Kb6 59. Rh4 Ka7 60. Rc4 Rb6 61. Rc3 Rb5 62. Rb3 Rh5 63. Rc3 Rb5 64. Rb3 Rh5 65. Rc3 Rh4 66. Rb3 a5 67. Rc3 Ka6 68. Rd3 b6 69. Rd6 a4 70. Rd3 Ka5 71. Rg3 Re4 72. Rg5+ Ka6 73. Rg6 Kb5 74. Rg5+ Kc4 75. Rg6 Kc5 76. Rg8 Re5 77. Rc8+ Kd4 78. Rd8+ Rd5 79. Ra8 b5 80. Rh8 Kc4 81. Rc8+ Rc5 82. Rh8 Rd5 83. Rh4+ Rd4 84. Rh5 Rd5 85. Rh4+ Kd3 86. Rh3+ Kc2 87. Rh2+ Kc1 88. Rh1+ Rd1 89. Rh5 Rd8 90. Rxb5 Ra8 91. Rb4 Kc2 92. Rb7 Kd3 93. Rc7 Kd4 94. Rc1 Kd5 95. b3 axb3+ 96. Kxb3 Kd6 97. a4 Rb8+ 98. Ka3 Ra8 99. Kb4 Rb8+ 100. Ka3 Ra8 101. Rc2 Kd5 102. Rc7 Kd6 103. Rc1 Kd7 104. Rc2 Rc8 105. Rxc8 Kxc8 106. Kb4 Kb7 107. Kb5 Ka8 108. a5 Kb8 109. a6 Ka8 110. Kb6 Kb8 111. a7+ Ka8 112. Ka6 1/2-1/2


[Site "https://www.chess.com"]

[Event "Titled Tuesday Blitz November 15 Early 2022"]
[White "Tarigan, Gilbert Elroy"]
[Black "Balint, Vilmos"]
[WhiteFideId "7108133"]
[BlackFideId "718050"]
[WhiteElo "2284"]
[BlackElo "2183"]
[Result "1-0"]
[Round "02"]
[TimeControl "180+1"]
[Date "2022.11.16"]
[WhiteClock "0:01:25"]
[BlackClock "0:01:04"]

1. e4 e6 2. d4 d5 3. Nd2 c5 4. Ngf3 cxd4 5. Nxd4 Nc6 6. Bb5 Bd7 7. Nxc6 bxc6 8. Bd3 Qb6 9. O-O Nf6 10. Qe2 Be7 11. b3 O-O 12. Bb2 a5 13. Nf3 Bc8 14. Ne5 Ba6 15. g4 Nxe4 16. Nd7 Qb7 17. Nxf8 Kxf8 18. f3 Bc5+ 19. Kg2 Nf6 20. g5 Nh5 21. f4 g6 22. Be5 Ng7 23. c4 a4 24. Rab1 a3 25. b4 Be7 26. b5 cxb5 27. cxb5 d4+ 1-0


[Site "https://www.chess.com"]

[Event "Titled Tuesday Blitz November 15 Early 2022"]
[White "Terry, Renato"]
[Black "Kozak, Antoni"]
[WhiteFideId "3803457"]
[BlackFideId "21832030"]
[WhiteElo "2577"]
[BlackElo "2447"]
[Result "1-0"]
[Round "02"]
[TimeControl "180+1"]
[Date "2022.11.15"]
[WhiteClock "0:01:04"]
[BlackClock "0:00:06"]

1. e4 c6 2. Nf3 d5 3. exd5 cxd5 4. Ne5 Nc6 5. d4 Nf6 6. c3 g6 7. Bb5 Bd7 8. Nxd7 Qxd7 9. O-O Bg7 10. Nd2 O-O 11. Re1 e6 12. Bd3 Rab8 13. a4 Qc7 14. Nf3 a6 15. Qe2 Na5 16. g3 Rbc8 17. Bf4 Qd8 18. Ne5 Nd7 19. Ng4 h5 20. Ne5 Nxe5 21. Bxe5 Nc4 22. Bxg7 Kxg7 23. Kg2 Qf6 24. a5 h4 25. Bxc4 Rxc4 26. Ra3 Rh8 27. Rb3 Rc7 28. Qe5 Qxe5 29. Rxe5 hxg3 30. hxg3 Rb8 31. Re1 b5 32. axb6 Rcb7 33. Ra3 Rxb6 34. b4 Rc6 35. Kf3 Rbc8 36. Re3 Kf6 37. Ke2 Ke7 38. Kd2 Kd7 39. Re1 Kc7 40. Rh1 Kb7 41. Rh7 R6c7 42. g4 Kb6 43. g5 Ra8 44. Rh1 Rca7 45. Ra5 Rc8 46. Rh3 Raa8 47. Kc2 Rh8 48. Rf3 Ra7 49. Ra2 Rh5 50. Rg3 Rh2 51. Kb3 Rh1 52. Rg2 Rb1+ 53. Kc2 Rf1 54. Kd3 a5 55. Ke2 Rb1 56. bxa5+ Rxa5 57. Rc2 Raa1 58. Rg3 Re1+ 59. Kd3 Rad1+ 60. Rd2 Ra1 61. Rf3 Rg1 62. Rxf7 Rxg5 63. Rf6 Kb5 64. Rxe6 Ra3 65. Rb2+ Ka5 66. Re8 1-0


[Site "https://www.chess.com"]

[Event "Titled Tuesday Blitz November 15 Early 2022"]
[White "Tomb, Maroun"]
[Black "Talibov, Shiroghlan"]
[WhiteFideId "5300398"]
[BlackFideId "13429078"]
[WhiteElo "2546"]
[BlackElo "2261"]
[Result "0-1"]
[Round "02"]
[TimeControl "180+1"]
[Date "2022.11.16"]
[WhiteClock "0:00:14"]
[BlackClock "0:00:05"]

1. e4 e6 2. d4 d5 3. Nd2 Nf6 4. e5 Nfd7 5. f4 c5 6. c3 Nc6 7. Ndf3 Qa5 8. Kf2 f6 9. Bd3 Be7 10. Ne2 O-O 11. Kg3 fxe5 12. fxe5 cxd4 13. cxd4 Qb6 14. a3 Kh8 15. Bc2 Qc7 16. Qd3 g6 17. h4 Rf5 18. h5 gxh5 19. Nf4 Ndxe5 20. dxe5 Nxe5 21. Nxe5 Qxe5 22. Be3 Bf6 23. Rae1 Bd7 24. Bd2 Rg8+ 25. Kh2 Qd6 26. Rhf1 a6 27. Kh1 Bb5 28. Qe3 Re5 29. Bc3 Rxe3 30. Bxf6+ Rg7 31. Rxe3 Bxf1 32. Nxh5 Kg8 33. Bxg7 Qc5 34. Rg3 Qxc2 35. Bd4+ Kf8 36. Nf6 Kf7 37. Nd7 Be2 38. Rg7+ Ke8 39. Nf6+ Kd8 40. Rd7+ Kc8 41. Bb6 Qc1+ 42. Kh2 Qh6+ 43. Kg1 Qxf6 44. Rc7+ Kb8 45. Rd7 Kc8 46. Rc7+ Kb8 47. Rd7 Bb5 48. Rd8+ Qxd8 49. Bxd8 Kc8 50. Bb6 Kd7 51. Kf2 Kc6 52. Ke3 Kxb6 0-1


[Site "https://www.chess.com"]

[Event "Titled Tuesday Blitz November 15 Early 2022"]
[White "Tristan, Leonardo"]
[Black "Pinero Rodriguez, Carlos Jose"]
[WhiteFideId "113816"]
[BlackFideId "3901726"]
[WhiteElo "2461"]
[BlackElo "2146"]
[Result "1-0"]
[Round "02"]
[TimeControl "180+1"]
[Date "2022.11.16"]
[WhiteClock "0:02:17"]
[BlackClock "0:00:58"]

1. d4 d5 2. Nf3 Nf6 3. Bf4 Bf5 4. e3 c6 5. c4 e6 6. Nc3 Bb4 7. Qb3 Qb6 8. c5 Bxc3+ 9. bxc3 Qxb3 10. axb3 Nbd7 11. h3 a6 12. b4 Rc8 13. Nd2 Ne4 14. Nb3 Nxc3 15. Na5 O-O 16. Nxb7 Nb5 17. Rxa6 Ra8 18. Rxa8 Rxa8 19. Na5 Ra6 20. f3 f6 21. g4 Bg6 22. Nxc6 Ra1+ 23. Kf2 Nc3 24. Ne7+ Kf7 25. Nxg6 hxg6 26. b5 e5 27. Bg3 Ra2+ 28. Kg1 Ra1 29. b6 Rb1 30. Rh2 Nd1 31. Re2 Nc3 32. Rc2 Nd1 33. Bf2 Ke6 34. Kg2 Nb8 35. Bg1 Nc6 36. Be2 f5 37. gxf5+ gxf5 38. dxe5 Kxe5 39. Bxd1 Rxd1 40. Rb2 Rc1 41. b7 Nb8 42. Bh2+ 1-0


[Site "https://www.chess.com"]

[Event "Titled Tuesday Blitz November 15 Early 2022"]
[White "Trost, Edvin"]
[Black "Kozak, Adam"]
[WhiteFideId "1729519"]
[BlackFideId "753246"]
[WhiteElo "2247"]
[BlackElo "2459"]
[Result "1/2-1/2"]
[Round "02"]
[TimeControl "180+1"]
[Date "2022.11.15"]
[WhiteClock "0:01:13"]
[BlackClock "0:00:50"]

1. d4 Nf6 2. Nf3 g6 3. g3 Bg7 4. Bg2 d5 5. O-O c6 6. Nbd2 O-O 7. b3 Ne4 8. Bb2 Nxd2 9. Qxd2 Nd7 10. Rfe1 Nf6 11. Ne5 Bf5 12. c4 Be4 13. Bh3 Bf5 14. Bg2 Rc8 15. Qe3 Be4 16. Bh3 Bf5 17. Bg2 Re8 18. a3 Be6 19. Rac1 Qb6 20. Qc3 Red8 21. Red1 Ne4 22. Qe3 Bxe5 23. c5 Bf4 24. gxf4 Qc7 25. Bxe4 dxe4 26. Qxe4 Bxb3 27. Rd2 Bd5 28. Qe5 f6 29. Qxc7 Rxc7 30. f3 f5 31. Bc3 b6 32. Rb2 Rb7 33. Kf2 Rdb8 34. Rcc2 bxc5 35. dxc5 Rb3 36. Bb4 a5 37. Rxb3 Bxb3 38. Rb2 a4 39. Rd2 Be6 40. e4 Kf7 41. Ke3 Ke8 42. h4 Bb3 43. Rd4 Rb7 44. Rd2 Be6 45. Rd4 Rb8 46. Rd2 Kf7 47. Rd4 Kg7 48. Rd2 Kh6 49. Kd4 fxe4 50. fxe4 Kh5 51. Ke5 Bg4 52. f5 gxf5 53. exf5 Rf8 54. Rf2 Kxh4 55. f6 exf6+ 56. Rxf6 Rxf6 57. Kxf6 Kg3 58. Kg5 h5 59. Bc3 Be2 60. Bb4 Kf2 61. Kh4 Ke3 62. Kg3 Kd4 63. Kh4 Bg4 64. Kg3 Kd5 65. Kh4 Ke4 66. Bc3 Ke3 67. Bb4 Kf2 68. Ba5 Be2 69. Bb4 Ke3 70. Bc3 Ke4 71. Bb4 Kd4 72. Kg3 Ke5 73. Kh4 Kf4 74. Bd2+ Ke4 75. Bb4 Kd3 76. Ba5 Kc2 77. Bb4 Kb3 78. Kg3 Bd1 79. Kf2 h4 80. Kg2 Bg4 81. Kh2 h3 82. Kg3 Kc4 83. Kh2 Be6 84. Kg3 Kd4 85. Kh2 Ke3 86. Bc3 Kf2 87. Bb4 Bd5 88. Bc3 Bg2 89. Bb4 Kf1 90. Bc3 Ke2 91. Bb4 Kd3 92. Ba5 Kc2 93. Bb4 Kb3 94. Kg1 Kc4 95. Kh2 Bf3 96. Kxh3 Bd5 97. Kg3 Kb5 98. Kh4 Kc4 99. Kg5 Kb5 100. Kf6 Bb3 101. Ke7 Bc2 102. Kd8 Bb1 103. Kc7 Ba2 104. Kd6 Bb3 105. Ke5 Bd1 106. Kd4 Be2 107. Kc3 Bf1 108. Kd2 Bg2 109. Ke1 Bh1 110. Kf2 Bd5 111. Ke3 Ka6 112. Kd4 Kb5 113. Ke5 Bb3 114. Kd6 Bc4 115. Kc7 Bd5 116. Kb7 Bh1 117. Ka7 Bg2 118. Kb8 Bh1 119. Kc7 Bg2 120. Kd8 Bh1 121. Ke7 Bd5 122. Kf6 Ba2 123. Ke5 Bc4 124. Kf4 Bd5 125. Ke3 Ka6 126. Kf2 Kb5 127. Kg1 Ka6 128. Kh2 Kb5 129. Kg3 Ka6 130. Kf2 Bc4 131. Ke3 Bb5 132. Kf4 Kb7 133. Ke5 Kc8 134. Kd6 Kd8 135. Ba5+ Ke8 136. Bc7 Kf7 137. Bb6 Kg6 138. Ba5 Kg5 139. Bb4 Kg4 140. Kc7 Kf4 141. Kb6 Ke4 142. Ka5 Kd4 143. Kb6 Kc4 144. Kc7 Kd5 145. Kd8 Ke6 146. Ke8 1/2-1/2


[Site "https://www.chess.com"]

[Event "Titled Tuesday Blitz November 15 Early 2022"]
[White "Tsaruk, Maksim"]
[Black "Valle Maytin, Luis Enrique"]
[WhiteFideId "13511173"]
[BlackFideId "3503666"]
[WhiteElo "2300"]
[BlackElo "2225"]
[Result "1-0"]
[Round "02"]
[TimeControl "180+1"]
[Date "2022.11.16"]
[WhiteClock "0:00:12"]
[BlackClock "0:00:23"]

1. e4 c6 2. d4 d5 3. exd5 cxd5 4. Bd3 Nc6 5. c3 Nf6 6. h3 g6 7. Nf3 Bg7 8. O-O O-O 9. Re1 Bf5 10. Bxf5 gxf5 11. a4 e6 12. Bg5 Qc7 13. Bxf6 Bxf6 14. Na3 a6 15. Nc2 Kh8 16. Qd3 Rg8 17. Re2 Rg6 18. Kh1 Rag8 19. Rg1 Qd7 20. b3 Na5 21. Nd2 Nc6 22. Qf3 Ne7 23. c4 dxc4 24. Nxc4 b5 25. axb5 axb5 26. Ne5 Bxe5 27. Rxe5 Nd5 28. Ne3 Nf6 29. d5 Ne4 30. dxe6 fxe6 31. Rd1 Qg7 32. Rxe4 fxe4 33. Qxe4 Rf6 34. Ng4 Rg6 35. Rd6 h5 36. Ne3 Qa1+ 37. Kh2 Qf6 38. Rd7 R8g7 39. Rd2 Rg5 40. Rc2 Rg8 41. f4 R5g7 42. Rc5 Rh7 43. Rxb5 Qg7 44. Qf3 h4 45. Rg5 Qf6 46. Ng4 Qf7 47. Qc3+ Rhg7 48. Nh6 Qxf4+ 49. Kh1 Qxg5 50. Nf7+ Kh7 51. Nxg5+ Rxg5 52. Qd3+ R8g6 53. Qe4 Kh6 54. Qxh4+ Rh5 55. Qf4+ Rhg5 56. h4 Kh5 57. hxg5 Rxg5 58. Qf7+ Rg6 59. b4 Kg5 60. b5 e5 61. Qxg6+ Kxg6 62. b6 e4 63. b7 e3 64. b8=Q e2 65. Qg3+ Kf5 66. Qe1 Kg4 67. Qxe2+ Kh4 68. Kh2 Kg5 69. Qe5+ 1-0


[Site "https://www.chess.com"]

[Event "Titled Tuesday Blitz November 15 Early 2022"]
[White "Tymrakiewicz, Rafal"]
[Black "Fernandez Hernandez, Gerardo"]
[WhiteFideId "1108832"]
[BlackFideId "2207400"]
[WhiteElo "2138"]
[BlackElo "2212"]
[Result "0-1"]
[Round "02"]
[TimeControl "180+1"]
[Date "2022.11.16"]
[WhiteClock "0:00:01"]
[BlackClock "0:00:15"]

1. d4 Nf6 2. Bg5 e6 3. e3 h6 4. Bh4 b6 5. Nd2 Bb7 6. Ngf3 Be7 7. Bd3 O-O 8. O-O c5 9. c3 cxd4 10. exd4 Nc6 11. Re1 Nd5 12. Bg3 d6 13. h3 Qd7 14. Qe2 Rae8 15. Bh2 Bf6 16. Qe4 g6 17. h4 Bg7 18. h5 f5 19. Qe2 g5 20. a3 Qf7 21. Bxd6 Qxh5 22. c4 Nf4 23. Bxf4 gxf4 24. Nb3 Kh8 25. Ne5 Qxe2 26. Rxe2 Nxe5 27. dxe5 Rg8 28. f3 Bf8 29. Kf2 a5 30. a4 Be7 31. Rd1 Rd8 32. Bc2 Bc6 33. Red2 Bxa4 34. Rxd8 Rxd8 35. Rxd8+ Bxd8 36. Na1 Bc6 37. Nb3 Bc7 38. Nd4 Bd7 39. Ne2 Bxe5 40. b3 Kg7 41. Kg1 Kf6 42. Kh2 Bd6 43. Kh3 Bc5 44. Kh4 Bf2+ 45. Kh5 Kg7 46. g3 fxg3 47. Nf4 Be8+ 48. Kh4 g2+ 49. Kh3 g1=Q 50. Nxe6+ Kg8 51. Bxf5 Qg3# 0-1


[Site "https://www.chess.com"]

[Event "Titled Tuesday Blitz November 15 Early 2022"]
[White "Urbina Perez, Juan Antonio"]
[Black "Cramling Bellon, Anna"]
[WhiteFideId "2217368"]
[BlackFideId "32009232"]
[WhiteElo "2197"]
[BlackElo "1972"]
[Result "1-0"]
[Round "02"]
[TimeControl "180+1"]
[Date "2022.11.16"]
[WhiteClock "0:01:03"]
[BlackClock "0:00:01"]

1. e4 c5 2. Nf3 e6 3. b3 Nc6 4. Bb5 a6 5. Bxc6 bxc6 6. Bb2 d5 7. d3 Nf6 8. Qe2 Be7 9. Nbd2 O-O 10. O-O a5 11. a4 Qb6 12. e5 Nd7 13. Rfe1 Ba6 14. Qe3 c4 15. dxc4 dxc4 16. Qxb6 Nxb6 17. Nd4 Rac8 18. Ne4 Rfd8 19. Rad1 Nd5 20. Nd6 Bxd6 21. exd6 Rxd6 22. Ba3 Rdd8 23. Nf3 cxb3 24. cxb3 Nc3 25. Rxd8+ Rxd8 26. h3 Ne2+ 27. Kh2 Nf4 28. Rc1 Be2 29. Ng5 h6 30. Ne4 Bd3 31. Nc5 Ng6 32. Rd1 e5 33. Rxd3 Rxd3 34. Nxd3 e4 35. Nc1 f5 36. Ne2 Ne5 37. Bd6 Nd3 38. Nd4 Nxf2 39. Nxf5 e3 40. Nxe3 Ne4 41. Bc7 Kf7 42. Bxa5 Ke6 43. Bb4 Nd2 44. Bxd2 1-0


[Site "https://www.chess.com"]

[Event "Titled Tuesday Blitz November 15 Early 2022"]
[White "Van Foreest, Machteld"]
[Black "Kopczynski, Michal"]
[WhiteFideId "1051563"]
[BlackFideId "1124200"]
[WhiteElo "2018"]
[BlackElo "2235"]
[Result "1-0"]
[Round "02"]
[TimeControl "180+1"]
[Date "2022.11.16"]
[WhiteClock "0:00:09"]
[BlackClock "0:00:05"]

1. e4 b6 2. d4 Bb7 3. Nc3 e6 4. Nf3 Nf6 5. Bd3 d5 6. exd5 Nxd5 7. Nxd5 Bxd5 8. O-O Be7 9. Bf4 O-O 10. Ne5 Nd7 11. Qh5 Nf6 12. Qh3 Be4 13. Bxe4 Nxe4 14. Rfe1 Qxd4 15. Qf3 Nf6 16. Nc6 Qd7 17. Rad1 Bd6 18. c4 Nh5 19. Ne5 Qa4 20. Qxh5 Bxe5 21. Bxe5 Rad8 22. Rxd8 Rxd8 23. Qg5 f6 24. Bxf6 Rd7 25. Bc3 Qxc4 26. g3 Qxa2 27. Qb5 Qd5 28. Qxd5 exd5 29. Re8+ Kf7 30. Re3 c5 31. Kf1 d4 32. Rd3 Ke6 33. Bd2 Kd5 34. b4 c4 35. Rf3 c3 36. Bxc3 dxc3 37. Rxc3 Kd4 38. Rc1 Re7 39. f4 Rf7 40. Kf2 Re7 41. Kf3 Kd5 42. f5 Kd4 43. g4 Kd3 44. g5 Kd2 45. Rc6 Rf7 46. f6 gxf6 47. gxf6 Kd3 48. Kf4 Kd4 49. Kf5 Kd5 50. b5 Kd4 51. Ke6 Rf8 52. f7 a6 53. bxa6 b5 54. Ke7 Rb8 55. f8=Q Rxf8 56. Kxf8 b4 57. Rb6 Kc5 58. Rxb4 Kxb4 59. a7 1-0


[Site "https://www.chess.com"]

[Event "Titled Tuesday Blitz November 15 Early 2022"]
[White "Vargas, Mauricio"]
[Black "Fiol, Fabrice"]
[WhiteFideId "4404572"]
[BlackFideId "611670"]
[WhiteElo "2025"]
[BlackElo "2415"]
[Result "0-1"]
[Round "02"]
[TimeControl "180+1"]
[Date "2022.11.16"]
[WhiteClock "0:00:12"]
[BlackClock "0:02:29"]

1. e4 c5 2. Nc3 a6 3. f4 e6 4. Nf3 d5 5. e5 Ne7 6. Be2 Nf5 7. O-O h5 8. g3 Nc6 9. Ng5 Be7 10. Nxf7 Kxf7 11. Bxh5+ Kg8 12. g4 Nh4 0-1


[Site "https://www.chess.com"]

[Event "Titled Tuesday Blitz November 15 Early 2022"]
[White "Vasques, Antonio Pedro Freixial"]
[Black "Jeet, Jain"]
[WhiteFideId "1908332"]
[BlackFideId "5073022"]
[WhiteElo "2243"]
[BlackElo "2067"]
[Result "1-0"]
[Round "02"]
[TimeControl "180+1"]
[Date "2022.11.16"]
[WhiteClock "0:00:22"]
[BlackClock "0:00:13"]

1. e4 d5 2. exd5 Nf6 3. d4 Nxd5 4. c4 Nb6 5. Nc3 Bf5 6. Nf3 e6 7. Be2 Be7 8. O-O O-O 9. Ne5 N8d7 10. Bf4 Nxe5 11. Bxe5 c6 12. b3 Bf6 13. Bf3 Bxe5 14. dxe5 Qc7 15. Qe2 a5 16. h4 Rfd8 17. Rad1 h6 18. g4 Bh7 19. Bg2 Qe7 20. h5 a4 21. Ne4 axb3 22. axb3 Bxe4 23. Qxe4 Ra3 24. Rd3 Rxd3 25. Qxd3 Qd7 26. Qc3 Ra2 27. Ra1 Rxa1+ 28. Qxa1 Qc7 29. Qd4 Nd7 30. f4 Qb6 31. Qxb6 Nxb6 32. Kf2 Kf8 33. Ke3 Ke7 34. Kd4 Nd7 35. b4 f6 36. exf6+ Nxf6 37. Bf3 Kd6 38. g5 Ng8 39. c5+ Kd7 40. Ke5 Ne7 41. Bg4 Kc7 42. Bxe6 b6 43. gxh6 gxh6 44. f5 bxc5 45. bxc5 Kd8 46. f6 1-0


[Site "https://www.chess.com"]

[Event "Titled Tuesday Blitz November 15 Early 2022"]
[White "Vlassov, Nikolai"]
[Black "Artemenko, Oleg"]
[WhiteFideId "4103360"]
[BlackFideId "14201798"]
[WhiteElo "2324"]
[BlackElo "2287"]
[Result "0-1"]
[Round "02"]
[TimeControl "180+1"]
[Date "2022.11.16"]
[WhiteClock "0:01:14"]
[BlackClock "0:01:02"]

1. e4 e6 2. c4 d5 3. cxd5 exd5 4. Qb3 Nf6 5. e5 Ne4 6. d4 c5 7. Bb5+ Nc6 8. Ne2 Qa5+ 9. Nbc3 c4 10. Bxc6+ bxc6 11. Qc2 Bf5 12. Qd1 Bb4 13. O-O Nxc3 14. bxc3 Bxc3 15. Nxc3 Qxc3 16. Be3 O-O 17. Qa4 Bd7 18. Rfc1 Qd3 19. Rab1 Qg6 20. Kh1 h5 21. Rb7 Bf5 22. Rxa7 Rab8 23. Ra6 Be4 24. f3 Rb2 25. Rg1 Rxg2 26. Rxg2 Bxf3 0-1


[Site "https://www.chess.com"]

[Event "Titled Tuesday Blitz November 15 Early 2022"]
[White "Xiong, Jeffery"]
[Black "Szpar, Milosz"]
[WhiteFideId "2047640"]
[BlackFideId "1184989"]
[WhiteElo "2725"]
[BlackElo "2422"]
[Result "1-0"]
[Round "02"]
[TimeControl "180+1"]
[Date "2022.11.15"]
[WhiteClock "0:01:52"]
[BlackClock "0:00:04"]

1. e4 c5 2. d4 cxd4 3. c3 dxc3 4. Nxc3 Nc6 5. Nf3 d6 6. Bc4 a6 7. O-O Nf6 8. h3 e6 9. Qe2 Be7 10. Rd1 Qc7 11. Bf4 Ne5 12. Bb3 Nfd7 13. Rac1 Qb8 14. Nd4 O-O 15. Bg3 Nc5 16. Bc2 Ng6 17. f4 e5 18. fxe5 Nxe5 19. Qe3 h6 20. Bf4 Be6 21. Nd5 Bxd5 22. exd5 Re8 23. Bxh6 Bf6 24. Qg3 Ng6 25. Bxg6 fxg6 26. Qxg6 Qa7 27. Kh1 Ne4 28. Bxg7 Bxg7 29. Rc7 Nf2+ 30. Kh2 Nxd1 31. Qxg7# 1-0


[Site "https://www.chess.com"]

[Event "Titled Tuesday Blitz November 15 Early 2022"]
[White "Yaran, Siar"]
[Black "Grandelius, Nils"]
[WhiteFideId "6323006"]
[BlackFideId "1710400"]
[WhiteElo "2191"]
[BlackElo "2617"]
[Result "0-1"]
[Round "02"]
[TimeControl "180+1"]
[Date "2022.11.16"]
[WhiteClock "0:00:13"]
[BlackClock "0:00:20"]

1. Nf3 Nf6 2. c4 a6 3. Nc3 c5 4. d4 cxd4 5. Nxd4 e6 6. a3 b6 7. e4 Bb7 8. e5 Ne4 9. Nxe4 Bxe4 10. Bd3 Bxg2 11. Rg1 Bb7 12. Bf4 Nc6 13. Nxc6 Bxc6 14. Qc2 Qh4 15. Bg5 Qxh2 16. O-O-O Qxe5 17. f4 Qa5 18. f5 f6 19. Bd2 Qa4 20. Qc3 Qa5 21. b4 Qe5 22. Qxe5 fxe5 23. fxe6 dxe6 24. Bc3 a5 25. Kb2 e4 26. Bc2 axb4 27. axb4 Ra7 28. b5 Bb7 29. Ra1 Rxa1 30. Rxa1 Kd7 31. Rd1+ Kc8 32. Be5 h5 33. Bb3 Bc5 0-1


[Site "https://www.chess.com"]

[Event "Titled Tuesday Blitz November 15 Early 2022"]
[White "Yu, Yangyi"]
[Black "Injac, Teodora"]
[WhiteFideId "8603820"]
[BlackFideId "932400"]
[WhiteElo "2808"]
[BlackElo "2286"]
[Result "1/2-1/2"]
[Round "02"]
[TimeControl "180+1"]
[Date "2022.11.15"]
[WhiteClock "0:00:46"]
[BlackClock "0:00:18"]

1. d4 Nf6 2. c4 g6 3. Nc3 Bg7 4. e4 d6 5. Nf3 O-O 6. Be2 Na6 7. O-O e5 8. Be3 c6 9. d5 c5 10. Ne1 Ne8 11. Nd3 f5 12. f4 exf4 13. Nxf4 Nac7 14. Bd3 Qe7 15. Qc2 g5 16. Nh5 f4 17. Nxg7 Nxg7 18. Bd2 Nh5 19. Rae1 g4 20. Qc1 Qe5 21. Nb5 Nxb5 22. cxb5 Qd4+ 23. Kh1 Qxd3 24. Bxf4 Nxf4 25. Rxf4 Bd7 26. Ref1 Qd4 27. Rxf8+ Rxf8 28. Qg5+ Qg7 29. Rxf8+ Kxf8 30. Qd8+ Be8 31. Qxd6+ Qe7 32. Qf4+ Qf7 33. Qd6+ Kg8 34. Kg1 Bxb5 35. Qd8+ Kg7 36. Qg5+ Qg6 37. Qe7+ Qf7 38. Qg5+ Qg6 39. Qe7+ Qf7 40. Qg5+ 1/2-1/2


[Site "https://www.chess.com"]

[Event "Titled Tuesday Blitz November 15 Early 2022"]
[White "Yuan, Qingyu"]
[Black "Ahn, Hongjin"]
[WhiteFideId "8609772"]
[BlackFideId "13201492"]
[WhiteElo "2359"]
[BlackElo "2182"]
[Result "0-1"]
[Round "02"]
[TimeControl "180+1"]
[Date "2022.11.16"]
[WhiteClock "0:00:04"]
[BlackClock "0:00:11"]

1. e4 c5 2. Nf3 Nf6 3. e5 Nd5 4. Nc3 Nxc3 5. dxc3 Nc6 6. Bf4 Qb6 7. b3 Qc7 8. Bd3 e6 9. Qe2 h6 10. h4 b6 11. Nd2 d5 12. c4 Nd4 13. Qe3 Ba6 14. c3 dxc4 15. Nxc4 Bxc4 16. bxc4 Nc6 17. O-O-O O-O-O 18. Be4 Be7 19. Bg3 Na5 20. Bf3 Nc6 21. Qe4 Kb7 22. h5 a6 23. Kc2 b5 24. cxb5 axb5 25. Rb1 Kb6 26. Qc4 Nb4+ 27. Rxb4 cxb4 28. Qxc7+ Kxc7 29. Rb1 Rd7 30. Bf4 Kb6 31. cxb4 Rc8+ 32. Kb2 Bxb4 33. Be3+ Bc5 34. Rc1 Rdc7 35. Rxc5 Rxc5 36. Kb3 Ka5 37. Bd4 Rc4 38. Bb2 Rb4+ 39. Ka3 Rxb2 40. Kxb2 Rc5 41. Bd1 Rxe5 42. Kc3 Kb6 43. Bf3 Kc5 44. Bd1 b4+ 45. Kb2 Kd4 46. f4 Re1 47. Bf3 Kc4 48. Bc6 Re2+ 49. Kc1 Kc3 50. Kd1 Rxa2 0-1


[Site "https://www.chess.com"]

[Event "Titled Tuesday Blitz November 15 Early 2022"]
[White "Zacurdajev, Dmitry"]
[Black "Moksh Amit Doshi"]
[WhiteFideId "4196309"]
[BlackFideId "25064967"]
[WhiteElo "2179"]
[BlackElo "2330"]
[Result "1-0"]
[Round "02"]
[TimeControl "180+1"]
[Date "2022.11.16"]
[WhiteClock "0:00:07"]
[BlackClock "0:00:39"]

1. d4 Nf6 2. c4 e6 3. Nc3 Bb4 4. Qc2 O-O 5. a3 Bxc3+ 6. Qxc3 d5 7. Bg5 dxc4 8. Qxc4 b6 9. Nf3 Ba6 10. Qc2 h6 11. Bh4 c5 12. dxc5 Nbd7 13. Rd1 Qc7 14. c6 Rac8 15. Nd4 Ne5 16. Bxf6 gxf6 17. Qa4 Bc4 18. e3 Bxf1 19. Kxf1 Nxc6 20. Rc1 b5 21. Nxb5 Qb6 22. b4 Nxb4 23. Rxc8 Rxc8 24. Qxb4 Rc1+ 25. Ke2 Rxh1 26. Qg4+ Kf8 27. a4 a6 28. Nd4 Rxh2 29. Qf4 Rxg2 30. Qxf6 Qb2+ 31. Kf1 Rg6 32. Nxe6+ Kg8 33. Qxb2 Rxe6 34. Qb8+ Kg7 35. Qg3+ Kh7 36. Qf4 Kg7 37. Qd4+ Kh7 38. Qd3+ Kg7 39. Qd4+ Kh7 40. Ke2 Kg6 41. f4 Kh7 42. Kf3 Rg6 43. f5 Rc6 44. Qe4 Rf6 45. Kf4 Rb6 46. f6+ Kh8 47. Qe8+ Kh7 48. Qxf7+ 1-0


[Site "https://www.chess.com"]

[Event "Titled Tuesday Blitz November 15 Early 2022"]
[White "Zaichenko, Daria"]
[Black "Hirneise, Jens"]
[WhiteFideId "4197453"]
[BlackFideId "24614734"]
[WhiteElo "2039"]
[BlackElo "2344"]
[Result "1-0"]
[Round "02"]
[TimeControl "180+1"]
[Date "2022.11.16"]
[WhiteClock "0:00:10"]
[BlackClock "0:00:06"]

1. e4 c6 2. d4 d5 3. Nc3 dxe4 4. Nxe4 Nf6 5. Nxf6+ exf6 6. c3 Bd6 7. Be3 O-O 8. Bd3 Re8 9. Qc2 h5 10. O-O-O b5 11. Kb1 Be6 12. Ne2 Nd7 13. Nf4 Bxf4 14. Bxf4 Nb6 15. h3 a5 16. g4 h4 17. Rhg1 a4 18. g5 Qd5 19. c4 Nxc4 20. Be4 Qd8 21. gxf6 Qxf6 22. Bg5 Na3+ 23. bxa3 Bxa2+ 24. Qxa2 Qd6 25. f3 b4 26. Bc1 Rab8 27. Ka1 bxa3 28. Bxa3 Qf6 29. Bb2 a3 30. Bc3 Rb5 31. Rc1 Qe6 32. Qxe6 Rxe6 33. d5 cxd5 34. Rxg7+ Kf8 35. Bd3 Rb3 36. Rg4 Re3 37. Rd4 Rxf3 38. Ka2 Rb8 39. Bb4+ Kg7 40. Rg1+ Kf6 41. Kxa3 Re8 42. Bc3 Ra8+ 43. Kb4 Rb8+ 44. Bb5 Rxc3 45. Kxc3 Rxb5 46. Rxh4 Ra5 47. Re1 Ra3+ 48. Kd2 Ra2+ 49. Kc3 Ra3+ 50. Kb4 Rd3 51. Rf4+ Kg6 52. Rg1+ Kh5 53. Rxf7 Kh6 54. h4 Rd4+ 55. Kc5 Rxh4 56. Kxd5 Rh5+ 57. Ke6 Ra5 58. Rf6+ Kh5 59. Rf5+ Rxf5 60. Kxf5 Kh4 61. Kf4 Kh3 62. Kf3 Kh2 63. Rg5 Kh1 64. Kf2 Kh2 65. Rh5# 1-0


[Site "https://www.chess.com"]